 Dungeon Crawl Stone Soup version 0.30-a0-358-g0d69a1922f (webtiles) character file.

Game seed: 8010188821452968538

3514 Essalna the Transmogrifier (level 9, -1/88 HPs)
             Began as a Grey Draconian Transmuter on Nov 11, 2022.
             Slain by a cyan ugly thing (13 damage)
             ... on level 6 of the Dungeon.
             The game lasted 00:15:23 (7922 turns).

Essalna the Transmogrifier (DrTm)                   Turns: 7922, Time: 00:15:23

Health: -1/88      AC:  8    Str: 16    XL:     9   Next: 81%
Magic:  11/12      EV: 10    Int: 14    God:
Gold:   395        SH:  0    Dex: 12    Spells: 7/12 levels left

rFire   x . .      SeeInvis .      - Unarmed
rCold   + + +      Faith    .    (shield currently unavailable)
rNeg    . . .      Spirit   .    (body armour unavailable)
rPois   +          Reflect  .    (helmet currently unavailable)
rElec   .          Harm     .    (cloak currently unavailable)
rCorr   .          Rampage  .    (gloves currently unavailable)
Will    .....                    (boots currently unavailable)
Stlth   +.........               r - amulet of magic regeneration
HPRegen 0.34/turn                (no ring)
MPRegen 0.53/turn                (no ring)

@: ice-form
A: freezing attack, boosted hp, AC +12, amphibious, large, unfitting armour,
(cold-blooded)
a: End Transformation


You were on level 6 of the Dungeon.
You were a creature of crystalline ice.
You visited 2 branches of the dungeon, and saw 8 of its levels.
You also visited: Ossuary.

You collected 395 gold pieces.

Inventory:

Missiles
 b - 2 throwing nets
Armour
 c - a +0 cloak (melded)
 m - a +0 pair of boots (melded)
Jewellery
 r - an amulet of magic regeneration (around neck)
Wands
 h - a wand of flame (19)
 s - a wand of acid (3)
Scrolls
 d - 6 scrolls of identify
 k - 2 scrolls of blinking
 l - a scroll of teleportation
 n - a scroll of amnesia
 o - a scroll of immolation {unknown}
 u - a scroll of torment {unknown}
Potions
 a - 2 potions of lignification
 e - 4 potions of might {unknown}
 f - a potion of berserk rage
 g - 3 potions of curing {unknown}
 i - 3 potions of attraction {unknown}
 j - 2 potions of mutation {unknown}
 p - a potion of resistance {unknown}
 q - a potion of flight {unknown}
 t - a potion of heal wounds {unknown}


   Skills:
 + Level 5.1 Fighting
 + Level 2.5 Dodging
 - Level 5.2 Unarmed Combat
 - Level 2.0 Spellcasting
 + Level 9.5 Transmutations
 + Level 8.1 Ice Magic


You had 7 spell levels left.
You knew the following spells:

 Your Spells              Type           Power      Damage    Failure   Level
a - Beastly Appendage     Tmut           56%        N/A       1%          1
b - Ice Form              Ice/Tmut       26%        N/A       6%          4

Your spell library contained the following spells:

 Spells                   Type           Power      Damage    Failure   Level
 Wereblood                Tmut           28%        N/A       1%          2
 Spider Form              Tmut/Pois      14%        N/A       10%         3
 Ignite Poison            Fire/Tmut/Pois 10%        N/A       19%         3
 Petrify                  Tmut/Erth      14%        N/A       32%         4
 Sublimation of Blood     Necr           1%         N/A       34%         2
 Irradiate                Conj/Tmut      7%         3d14      67%         5
 Sticky Flame             Conj/Fire      1%         2d3       93%         4
 Ignition                 Fire           0%         3d3       100%        8


Dungeon Overview and Level Annotations

Branches:
Dungeon (7/15)             Temple (1/1) D:6         Ossuary (visited)

Altars:
Ashenzari
Dithmenos
Elyvilon
Fedhas
Gozag
Makhleb
Nemelex Xobeh
Ru
Sif Muna
Trog
Uskayaw
Vehumet
Wu Jian
Xom
Zin

Shops:
D:1 [   D:4 ?   D:7 (

Annotations:
D:2 Robin


Innate Abilities, Weirdness & Mutations

You are a creature of crystalline ice.
You have a powerful freezing melee attack.
Your maximum health is increased.
Your armour is entirely melded.
You are incapable of wielding weapons or throwing items.
((Your dull iron-grey scales are very hard. (AC +12)))
You are amphibious.
You cannot fit into any form of body armour.
((You are cold-blooded and may be slowed by cold attacks.))


Message History

Reactivating autopickup.
You feel a bit more experienced.
Found a leather armour.
The cyan ugly thing gurgles horribly!
Things that are here:
a +0 dagger; a +0 robe; an orc corpse
Things that are here:
a +0 dagger; a +0 robe; an orc corpse You see here a wand of charming (8).
There is an open door here.
Your transformation is almost over.
Your horns disappear.
Your talons disappear.
Your +0 pair of boots unmelds from your body.
There is a stone staircase leading up here.
The cyan ugly thing completely misses you.
You climb upwards.
There is a stone staircase leading down here.
Casting: Beastly Appendage (safe; 1% risk of failure)
Confirm with . or Enter, or press ? or * to list all spells.
You turn into a creature of crystalline ice.
Your +0 cloak melds into your body.
Your +0 pair of boots melds into your body.
The cyan ugly thing tentacle-slaps you. The cyan ugly thing shocks you!
You are too injured to fight recklessly!
You hit the cyan ugly thing. You freeze the cyan ugly thing.
The cyan ugly thing is lightly wounded.
The cyan ugly thing tentacle-slaps you! The cyan ugly thing shocks you!
You punch the cyan ugly thing! You freeze the cyan ugly thing.
The cyan ugly thing is moderately wounded.
The cyan ugly thing tentacle-slaps you! The cyan ugly thing shocks you!
* * * LOW HITPOINT WARNING * * *
You hit the cyan ugly thing but do no damage.
The cyan ugly thing is moderately wounded.
You punch the cyan ugly thing! You freeze the cyan ugly thing.
The cyan ugly thing is heavily wounded.
The cyan ugly thing barely misses you.
You hit the cyan ugly thing. You freeze the cyan ugly thing.
The cyan ugly thing is severely wounded.
The cyan ugly thing tentacle-slaps you!
You die...

#.# #...........# #.#.#.# #.#
#...........# #.#.#.# #.#
#.[.........# #.#.#.# #.#
#...........# #.#.#.# #.#
#########.### #.#...# #.# #.#
#.#.... #.# #.# #.#.###
#.###########.##########.#....
#............Y................
#.........###.u...............
#.#######.#...............####
#.# #.#.#.###########.# #.#
###.#.#.#.........#.#
##.#####.....#.#.#######.#.#
#......#.#.###'#.....#
#.#.####
######.#.#...........#
#.#.....
#.#.#...........###.#####.


You could see a cyan ugly thing.

Vanquished Creatures
  Sigmund (D:2)
  3 yaks (D:6)
  Eustachio (D:6)
  Edmund (D:4)
  2 water moccasins
  An ice beast (D:5)
  2 centaurs (D:7)
  3 phantoms (D:5)
  2 elf zombies (Ossuary)
  2 kobold brigands (D:7)
  Blork the orc (D:4)
  2 bullfrogs
  3 necrophages
  2 scorpions (D:6)
  3 wights (D:6)
  A howler monkey (D:5)
  3 human zombies (Ossuary)
  3 orc priests
  4 jellies
  A hound (D:6)
  3 iguanas (D:5)
  8 orc wizards
  2 mummies (Ossuary)
  8 gnolls
  10 adders
  A white imp (D:7)
  An ufetubus (D:4)
  2 worms
  4 dart slugs
  20 orcs
  6 ball pythons
  4 bats
  6 endoplasms
  2 giant cockroaches
  15 goblins
  5 hobgoblins
  9 jackals
  18 kobolds
  3 quokkas
  2 frilled lizards
  3 goblin zombies
  7 hobgoblin zombies (Ossuary)
  13 kobold zombies (Ossuary)
  7 orc zombies (Ossuary)
  5 rats
  4 rat zombies (Ossuary)
209 creatures vanquished.

Notes
Turn   | Place    | Note
-------+----------+-------------------------------------------
     0 | D:1      | Essalna the Draconian Transmuter began the quest for the
                  | Orb.
     0 | D:1      | Reached XP level 1. HP: 16/16 MP: 3/3
   154 | D:1      | Reached XP level 2. HP: 19/23 MP: 3/5
   228 | D:1      | Found Pubeewisch's Antique Armour Shop.
   389 | D:1      | You fall into a shaft and drop 1 floor!
   414 | D:2      | Reached XP level 3. HP: 26/29 MP: 6/6
   641 | D:2      | Reached XP level 4. HP: 37/37 MP: 5/7
   657 | D:2      | Reached skill level 3 in Transmutations
   765 | D:2      | Noticed Robin
   766 | D:2      | Noticed Sigmund
  1166 | D:1      | Reached XP level 5. HP: 45/45 MP: 8/8
  1602 | D:2      | Killed Sigmund
  1603 | D:2      | Reached skill level 4 in Transmutations
  1603 | D:2      | Reached XP level 6. HP: 32/52 MP: 9/9
  2199 | D:3      | Reached skill level 5 in Unarmed Combat
  2721 | D:4      | Found Zyobroredi's Magic Scroll Shoppe.
  2725 | D:4      | Noticed Edmund
  2752 | D:4      | Found a sand-covered staircase.
  2760 | Ossuary  | Entered an ossuary
  2856 | Ossuary  | Learned a level 4 spell: Ice Form
  2866 | Ossuary  | Your scales start taking on a dull iron-grey colour.
  2866 | Ossuary  | Reached XP level 7. HP: 60/60 MP: 8/10
  2948 | Ossuary  | Reached skill level 1 in Ice Magic
  2992 | Ossuary  | Reached skill level 5 in Transmutations
  3212 | D:4      | Noticed Blork the orc
  3225 | D:4      | Killed Blork the orc
  3447 | D:4      | Killed Edmund
  3448 | D:4      | Reached skill level 6 in Transmutations
  3926 | D:5      | Entered Level 5 of the Dungeon
  3944 | D:5      | Reached XP level 8. HP: 50/67 MP: 11/11
  4313 | D:5      | Identified the +12 rapier "Esior" {vorpal, Fragile rPois
                  | SInv}
  4375 | D:5      | Reached skill level 7 in Transmutations
  4375 | D:5      | Reached skill level 5 in Ice Magic
  4553 | D:5      | Found a radiant altar of Vehumet.
  4964 | D:6      | Found a staircase to the Ecumenical Temple.
  4982 | Temple   | Entered the Ecumenical Temple
  5314 | D:6      | Reached skill level 8 in Transmutations
  5314 | D:6      | Reached XP level 9. HP: 65/72 MP: 12/12
  6052 | D:6      | Noticed Eustachio
  6068 | D:6      | Killed Eustachio
  6329 | D:6      | Reached skill level 9 in Transmutations
  7301 | D:7      | Found Mobojava's Antique Weapon Shoppe.
  7530 | D:7      | Reached skill level 5 in Fighting
  7874 | D:7      | Noticed a manticore
  7899 | D:7      | Noticed a cyan ugly thing
  7922 | D:6      | Slain by a cyan ugly thing

Illustrated notes

Levels and vault maps discovered:
D:1:      saegor_arrival_simple_b, layout_loops_ring, serial_shops,
          nicolae_shop_stone, minmay_hexomino_p4
D:2:      layout_basic, uniq_sigmund, uniq_robin
D:3:      layout_loops_ring, minmay_misc_feat_more_columns
D:4:      layout_loops_ring, serial_shops, nicolae_square_shop, enter_ossuary_4,
          hangedman_decor_clover_reticule, uniq_blork_the_orc, uniq_edmund
D:5:      layout_rooms, vehumet_altar_wand_db, minmay_quadrilaterals
D:6:      layout_basic, minmay_temple_entry_butterflies, uniq_eustachio
D:7:      minmay_chambers_of_sixes, layout_basic, serial_shops, shop,
          moated_statue
Temple:   zaba_magenta_temple

Skill      XL: |  1  2  3  4  5  6  7  8  9 |
---------------+----------------------------+-----
Fighting       | 2 3 4 5 |  5.1
Transmutations | 3 4 6 8 9 |  9.5
Unarmed Combat | 4 5 |  5.2
Ice Magic      | 3 6 8 |  8.1
Dodging        | 2 |  2.5
Spellcasting   | |  2.0

Action                   |  1- 3 |  4- 6 |  7- 9 || total
-------------------------+-------+-------+-------++-------
Melee: Unarmed           |    70 |   229 |   544 ||   843
       Kick              |    17 |    53 |   145 ||   215
       Tailslap          |     4 |    23 |    74 ||   101
       Headbutt          |     7 |    24 |    99 ||   130
       Punch             |     2 |     4 |    18 ||    24
 Cast: Beastly Appendage |    16 |    36 |    58 ||   110
       Ice Form          |       |       |     1 ||     1
Evoke: Wand              |       |       |     3 ||     3
  Use: Scroll            |     2 |     6 |     4 ||    12
       Potion            |       |     1 |     1 ||     2
 Stab: Sleeping          |       |     1 |     1 ||     2
Armor: Skin              |    17 |    83 |   236 ||   336
Dodge: Dodged            |    35 |   115 |   269 ||   419

Table legend: (Time is in decaauts)
 A = Elapsed time spent in this place.
 B = Non-inter-level travel time spent in this place.
 C = Inter-level travel time spent in this place.
 D = Time resting spent in this place.
 E = Time spent auto-exploring this place.
 F = Levels seen in this place.
 G = Mean time per level.
                   A        B        C        D        E       F      G
               +--------+--------+--------+--------+--------+-----+--------+
         Total |   7866 |   7574 |    292 |    389 |   5487 |   9 |  874.0 |
       Dungeon |   7402 |   7110 |    292 |    389 |   5256 |   7 | 1057.4 |
        Temple |     75 |     75 |      0 |      0 |     50 |   1 |   75.0 |
       Ossuary |    388 |    388 |      0 |      0 |    181 |   1 |  388.0 |
               +--------+--------+--------+--------+--------+-----+--------+

Top non-repeatable levels by time:
     D:6: 1647 daAuts
     D:7: 1349 daAuts
     D:3: 1107 daAuts
     D:4: 907 daAuts
     D:5: 885 daAuts
     D:1: 827 daAuts
     D:2: 677 daAuts
 Ossuary: 388 daAuts
  Temple: 75 daAuts
